 Dungeon Crawl Stone Soup version 0.25-a0-447-gff83419037 (webtiles) character file.

Game seed: 3089228238831536189, levelgen mode: deterministic

63061 Nattfarinn the Convoker (level 14, -8/79 HPs)
             Began as a Barachi Summoner on Jan 31, 2020.
             Was an Elder of Cheibriados.
             Killed from afar by a starcursed mass (15 damage)
             ... with an accursed screaming
             ... on level 3 of the Abyss.
             The game lasted 02:02:49 (26257 turns).

Nattfarinn the Convoker (Barachi Summoner)         Turns: 26257, Time: 02:02:50

Health: -8/79      AC: 25    Str: 18      XL:     14   Next: 53%
Magic:  7/19       EV: 18    Int: 22 (23) God:    Cheibriados [****..]
Gold:   1622       SH:  7    Dex: 28      Spells: 5/32 levels left

rFire    + . .     SeeInvis +   b - +2 dagger (venom)
rCold    + . .     Gourm    .   B - +0 buckler
rNeg     . . .     Faith    .   A - +5 ice dragon scales "Ako Cajefi" {+Blink rF- rC++ Int+3 Dex+5}
rPois    +         Spirit   .   s - +1 helmet {SInv}
rElec    +         Reflect  .   J - +2 cloak "Esoxoemm" {rPois Dex+3}
rCorr    .         Harm     .   f - +2 pair of gloves
MR       +....     Rnd*Rage +   W - +1 pair of boots Stlth ++........Rnd*Tele +
                                D - amulet of magic regeneration
HPRegen  0.00/turn              P - ring of Kikubaaqudgha's Pride {rElec rF+ Str+3 Int-5 SInv}
MPRegen  0.41/turn              X - ring "Otweck" {Fire rElec Dex+2 Stlth+}

@: can't hop, starving, very slow
A: +LOS, swims, [berserk 3], [blurry vision 3], [clumsy 2], [deformed body],
[deterioration 2], [dopey 2], [frail 3], [low mp 3], [screaming 3], slowness 1,
[inhibited regeneration], [teleportitis 3], [weak 2], [no potion heal 2],
[subdued magic 3], strong legs 2
}: 1/15 runes: abyssal
a: Hop, Bend Time, Temporal Distortion, Slouch, Renounce Religion, Evoke Blink


You were on level 3 of the Abyss.
You worshipped Cheibriados.
Cheibriados was greatly pleased with you.
You were starving.

You visited 4 branches of the dungeon, and saw 23 of its levels.
You visited the Abyss 1 time.
You also visited: Ice Cave.

You collected 2946 gold pieces.
You spent 1324 gold pieces at shops.

Inventory:

Hand Weapons
 b - a +2 dagger of venom (weapon)
Armour
 f - a +2 pair of gloves (worn)
 s - a +1 helmet of see invisible (worn)
 A - the +5 ice dragon scales "Ako Cajefi" (worn) {+Blink rF- rC++ Int+3 Dex+5}
   (You found it in an ice cave)

   It affects your intelligence (+3).
   It affects your dexterity (+5).
   It makes you vulnerable to fire.
   It greatly protects you from cold.
   It lets you blink.
   If you remove this armour, your AC will fall 14 points (25 -> 11)
 B - a +0 buckler (worn)
 J - the +2 cloak "Esoxoemm" (worn) {rPois Dex+3}
   (You bought it in a shop on level 2 of the Orcish Mines)

   It affects your dexterity (+3).
   It protects you from poison.
   If you remove this armour, your AC will fall 3 points (25 -> 22)
 W - a +1 pair of boots (worn)
 Z - the +1 leather armour of Rupea {Regen+}
   (You found it on level 12 of the Dungeon)

   It increases your rate of regeneration.
   If you switch to wearing this armour, your AC will fall 10 points (25 -> 15)
Magical Staves
 a - an uncursed staff of power
Jewellery
 p - an uncursed amulet of guardian spirit
 q - an uncursed ring of resist corrosion
 x - a +2 ring of protection
 D - an amulet of magic regeneration (around neck)
 G - a +3 ring of intelligence
 I - an uncursed ring of protection from fire {unknown}
 M - an uncursed amulet of regeneration {unknown}
 P - the ring of Kikubaaqudgha's Pride (left hand) {rElec rF+ Str+3 Int-5 SInv}
   (You bought it in a shop on level 10 of the Dungeon)

   [ring of see invisible]

   It affects your strength (+3).
   It affects your intelligence (-5).
   It protects you from fire.
   It insulates you from electricity.
   It lets you see invisible.
 T - an uncursed ring of wizardry {unknown}
 U - an uncursed ring of fire {unknown}
 X - the ring "Otweck" (right hand) {Fire rElec Dex+2 Stlth+}
   (You found it on level 3 of the Lair of Beasts)

   [ring of fire]

   It enhances your fire magic.
   It affects your dexterity (+2).
   It protects you from fire.
   It makes you vulnerable to cold.
   It insulates you from electricity.
   It makes you more stealthy.
 Y - a +3 ring of evasion {unknown}
Wands
 e - a wand of iceblast (16)
 n - a wand of flame (27)
 L - a wand of random effects (26)
 V - a wand of polymorph (2)
Scrolls
 g - 8 scrolls of fog
 h - 2 scrolls of random uselessness
 i - 3 scrolls of fear
 k - a scroll of summoning
 l - 8 scrolls of magic mapping
 o - 3 scrolls of teleportation
 v - 6 scrolls of remove curse
 w - 2 scrolls of amnesia
 y - 3 scrolls of enchant weapon
 H - a scroll of immolation
 K - a scroll of vulnerability {unknown}
 O - a scroll of holy word {unknown}
 R - a scroll of torment {unknown}
 S - a scroll of acquirement {unknown}
Potions
 d - a potion of resistance {unknown}
 j - 5 potions of brilliance
 m - 2 potions of cancellation {unknown}
 r - 3 potions of lignification {unknown}
 t - 11 potions of curing
 z - 2 potions of might {unknown}
 C - 4 potions of agility {unknown}
 E - 3 potions of invisibility {unknown}
 F - 2 potions of mutation
 N - a potion of flight {unknown}
Comestibles
 c - 35 rations


   Skills:
 + Level 11.7 Fighting
 + Level 10.9 Armour
 - Level 10.0 Dodging
 - Level 1.7 Stealth
 - Level 4.0 Shields
 + Level 9.8 Spellcasting
 * Level 16.2 Summonings
 - Level 8.3 Invocations


You had 5 spell levels left.
You knew the following spells:

 Your Spells              Type           Power        Failure   Level  Hunger
a - Aura of Abjuration    Summ           #####.....   1%          5    ####...
c - Call Canine Familiar  Summ           #####...     0%          3    None
d - Summon Lightning Spi  Summ/Air       ###.....     3%          4    ##.....
e - Summon Ice Beast      Ice/Summ       ###.....     3%          4    ##.....
f - Shadow Creatures      Summ           N/A          1%          6    ######.
g - Summon Mana Viper     Hex/Summ       ###.....     11%         5    ####...

Your spell library contained the following spells:

 Spells                   Type           Power        Failure   Level  Hunger
 Summon Small Mammal      Summ           ####         0%          1    None
 Call Imp                 Summ           #####...     0%          2    None
 Recall                   Summ/Tloc      N/A          1%          3    None
 Summon Guardian Golem    Hex/Summ       ###.....     1%          3    None
 Summon Demon             Summ           #####.....   1%          5    ####...
 Summon Forest            Summ/Tloc      ###.......   11%         5    ####...
 Bolt of Magma            Conj/Fire/Erth #.........   99%         5    ####...
 Iskenderun's Battlesphe  Conj/Chrm      #.......     99%         5    ####...
 Silence                  Hex/Air        #.........   99%         5    ####...
 Spellforged Servitor     Conj/Summ      ###.......   99%         7    #######
 Conjure Ball Lightning   Conj/Air       #.........   100%        6    ######.
 Deflect Missiles         Chrm/Air       #.........   100%        6    ######.
 Iron Shot                Conj/Erth      #.........   100%        6    ######.
 Orb of Destruction       Conj           #.........   100%        7    #######
 Tornado                  Air            #.........   100%        9    #######


Dungeon Overview and Level Annotations

Branches:
Dungeon (15/15)            Temple (1/1) D:5            Lair (6/6) D:9
  Swamp (0/4) Lair:3        Snake (0/4) Lair:4        Slime (0/5) Lair:5
    Orc (2/2) D:9             Elf (0/3) Orc:2         IceCv (visited)
 Vaults: D:13-14     Depths: D:15

Altars:
Ashenzari
Cheibriados
Dithmenos
Elyvilon
Fedhas
Gozag
Hepliaklqana
Kikubaaqudgha
Makhleb
Nemelex Xobeh
Okawaru
Qazlal
Ru
Sif Muna
Trog
Uskayaw
Vehumet
Wu Jian
Xom
Yredelemnul
Zin
The Shining One
Jiyva

Shops:
D:7 (   D:9 :   D:10 =   D:12 }   Orc:1 %   Orc:2 [(}:

Annotations:
D:5 1 runed translucent door, Crazy Yiuf
Lair:1 3 runed translucent doors, MirrMurr's ghost, journeyman SpEn


Innate Abilities, Weirdness & Mutations

You can be seen from farther away. (+LOS)
You can swim through water.
You cover ground slowly.
You can hop long distances.
[You have an uncontrollable temper.]
[Scrolls take you much longer to read.]
[You are very clumsy. (Dex -4)]
[Armour fits poorly on your strangely shaped body.]
[Your body often deteriorates upon taking damage.]
[You are very dopey. (Int -4)]
[You are extremely frail. (-30% HP)]
[Your magical capacity is extremely low. (-30% MP)]
[You frequently scream uncontrollably at your foes.]
[You do not regenerate when monsters are visible.]
[You are often teleported next to monsters.]
[You are very weak. (Str -4)]
[Potions are poor at restoring your health.]
[Your spells are much easier to cast, but much less powerful.]


Message History

* * * LOW HITPOINT WARNING * * *
A deafening chorus of shrieks assaults your mind!
* * * LOW HITPOINT WARNING * * *
Unknown command.
Okay, then.
Okay, then.
Okay, then.
You warp the flow of time around you!
You feel somewhat more hungry.
You warp the flow of time around you!
You are near starving!
You warp the flow of time around you!
You are starving!
Cheibriados lowers the support of your attributes as your movement quickens.
Unknown command.
Okay, then.
Really read with blurry vision while enemies are nearby?
The small abomination barely misses you.
The starcursed mass engulfs you but does no damage.
A deafening chorus of shrieks assaults your mind!
You die...

............
#........ ..
##...........
#....X......)
##.X...X.#. ..
##.....X......#
#.*..XX#.####..
##...XX###
#...XX@#
#.#.Xx##
#....X# .
#....)# .
##...#.#.#
#..#.......
#...#..##
##...#.#
#......#


You could see 7 starcursed masses, a wretched star, a thrashing horror, a large
abomination and a small abomination.

Vanquished Creatures
  An Executioner (Abyss:3)
  An ogre mage (D:15)
  A catoblepas (Lair:6)
  2 two-headed ogres
  3 death yaks (Lair:6)
  An unseen horror (D:15)
  4 orc knights
  A necromancer (D:15)
  2 orc sorcerers
  A cyclops (D:15)
  2 manticores
  5 elephants (Lair:6)
  A torpor snail (Lair:3)
  2 spiny frogs
  A rime drake (Lair:3)
  3 polar bears (Lair:1)
  2 meliai
  11 blink frogs (Lair:6)
  11 yaks
  2 hogs (D:8)
  3 neqoxecs (Abyss:3)
  A redback simulacrum (D:15)
  A vampire mosquito (D:15)
  A warg (Orc:2)
  3 water moccasins
  A porcupine (Lair:4)
  6 orc warriors
  A black bear (Lair:1)
  3 ice beasts
  A sky beast (D:6)
  2 centaurs
  2 ogres
  8 wolves
  5 bullfrogs
  A hornet simulacrum (D:15)
  A howler monkey (D:7)
  4 electric eels (Lair:3)
  4 crimson imps
  3 hounds
  A bullfrog skeleton (D:12)
  2 orc priests
  An iguana (D:8)
  8 orc wizards
  A centaur skeleton (D:5)
  4 worker ants
  3 hound skeletons
  A worker ant zombie (D:7)
  6 gnolls
  3 adders
  3 shadow imps
  An ooze (D:6)
  An adder zombie (D:5)
  2 worms
  A dart slug (D:5)
  4 leopard geckos
  20 orcs
  A ball python (D:3)
  7 bats
  A giant cockroach (D:2)
  3 goblins
  5 hobgoblins
  5 jackals
  4 kobolds
  3 quokkas
  3 frilled lizards
  A leopard gecko zombie (D:7)
  A quokka skeleton (D:5)
  2 rats
  A fungus (D:3)
  A plant (D:5)
  A starspawn tentacle (Abyss:3)
209 creatures vanquished.

Vanquished Creatures (collateral kills)
  Fannar (Lair:2)
  6 hydras
  Erolcha (D:13)
  3 catoblepae
  3 two-headed ogres
  6 death yaks (Lair:6)
  4 orc high priests
  A fire crab (Lair:6)
  2 unseen horrors
  A glowing orange brain (Abyss:3)
  5 orc knights
  3 orc sorcerers (Orc:2)
  4 oklob plants (Lair:5)
  A wolf spider (D:15)
  A deep elf mage (D:15)
  9 ugly things
  5 elephants (Lair:6)
  4 manticores
  5 black mambas
  3 ice statues (IceCv)
  A torpor snail (Lair:2)
  5 spiny frogs
  2 gargoyles (D:15)
  2 rime drakes
  4 komodo dragons
  An efreet (D:15)
  6 trolls
  A polar bear (Lair:1)
  Grinder (D:4)
  4 blink frogs (Lair:6)
  5 hippogriffs
  9 dream sheep
  A meliai zombie (D:15)
  A human (D:8)
  2 hogs (D:8)
  27 yaks
  A wraith (D:12)
  3 basilisks
  A hungry ghost (D:13)
  4 vampire mosquitoes
  Edmund (D:4)
  3 wargs
  3 nagas (Lair:4)
  7 porcupines
  8 water moccasins
  9 ice beasts
  8 black bears
  24 orc warriors
  A phantom (D:8)
  3 sky beasts
  7 ogres
  5 wolves
  A centaur (D:12)
  7 crocodiles
  Blork the orc (D:4)
  10 bullfrogs
  A gnoll sergeant (D:7)
  A wyvern skeleton (D:9)
  4 scorpions
  12 killer bees
  5 wights (D:8)
  2 vampire bats (Lair:5)
  2 electric eels (D:9)
  2 howler monkeys (D:7)
  A bullfrog zombie (D:8)
  5 crimson imps
  A quasit (D:6)
  A jelly (D:5)
  3 hounds
  13 orc priests
  20 orc wizards
  2 iguanas
  9 worker ants
  Ijyb (D:4)
  A hound skeleton (D:5)
  A worker ant zombie (D:9)
  Robin (D:2)
  8 adders
  9 gnolls
  A shadow imp (D:6)
  A white imp (D:4)
  An adder skeleton (D:8)
  A worm (D:2)
  A dart slug (D:2)
  A leopard gecko (D:7)
  62 orcs
  A ball python (D:1)
  6 bats
  A giant cockroach (D:8)
  5 hobgoblins
  3 jackals (D:1)
  6 quokkas
  2 frilled lizards
  11 goblins (D:2)
  6 kobolds
  A quokka skeleton (D:9)
  A rat (D:2)
  A fungus (Lair:6)
  2 plants (Lair:5)
466 creatures vanquished.

Vanquished Creatures (others)
  A bullfrog (D:15)
  10 fungi (Lair:6)
  10 plants
  3 starspawn tentacles (Abyss:3)
24 creatures vanquished.

Grand Total: 699 creatures vanquished

Notes
Turn   | Place    | Note
-------+----------+-------------------------------------------
     0 | D:1      | Nattfarinn the Barachi Summoner began the quest for the
                  | Orb.
     0 | D:1      | Reached XP level 1. HP: 13/13 MP: 3/3
   330 | D:1      | Reached skill level 1 in Armour
   330 | D:1      | Reached skill level 5 in Summonings
   330 | D:1      | Reached XP level 2. HP: 15/20 MP: 5/5
   334 | D:1      | Learned a level 2 spell: Call Imp
   618 | D:1      | Reached skill level 1 in Fighting
  1240 | D:1      | Reached XP level 3. HP: 12/26 MP: 6/6
  1307 | D:1      | Learned a level 3 spell: Call Canine Familiar
  1585 | D:2      | Found a shattered altar of Ashenzari.
  1782 | D:2      | Noticed Robin
  1812 | D:2      | Killed Robin
  1868 | D:2      | Reached XP level 4. HP: 32/32 MP: 7/7
  2074 | D:3      | Found a sacrificial altar of Ru.
  2492 | D:3      | Found a blossoming altar of Fedhas.
  3164 | D:3      | Found a white marble altar of Elyvilon.
  3205 | D:3      | Reached XP level 5. HP: 38/38 MP: 6/9
  3309 | D:4      | Found a stormy altar of Qazlal.
  3477 | D:4      | Noticed a centaur
  3495 | D:4      | Killed a centaur
  3495 | D:4      | Reached skill level 6 in Summonings
  3799 | D:4      | Found an ornate altar of the Wu Jian Council.
  3801 | D:4      | Noticed Grinder
  3801 | D:4      | Noticed Ijyb
  3802 | D:4      | Paralysed by Grinder for 5 turns
  3813 | D:4      | Learned a level 4 spell: Summon Lightning Spire
  3824 | D:4      | Killed Grinder
  3824 | D:4      | Reached XP level 6. HP: 36/46 MP: 5/10
  3899 | D:4      | Noticed Edmund
  3900 | D:4      | Killed Ijyb
  3928 | D:4      | Killed Edmund
  4198 | D:4      | Found a basalt altar of Yredelemnul.
  4330 | D:4      | Reached XP level 7. HP: 51/51 MP: 11/11
  4579 | D:4      | Noticed Blork the orc
  4589 | D:4      | Killed Blork the orc
  4589 | D:4      | Reached skill level 1 in Shields
  4722 | D:4      | Found a bloodstained altar of Trog.
  4836 | D:5      | Entered Level 5 of the Dungeon
  4971 | D:5      | Found a staircase to the Ecumenical Temple.
  4977 | Temple   | Entered the Ecumenical Temple
  5657 | D:5      | Reached skill level 5 in Armour
  6279 | D:5      | Found a shadowy altar of Dithmenos.
  6434 | D:5      | Reached skill level 7 in Summonings
  6434 | D:5      | Reached XP level 8. HP: 52/60 MP: 3/12
  6814 | D:5      | Found a runed translucent door.
  6815 | D:5      | Noticed Crazy Yiuf
  8400 | D:7      | Reached skill level 8 in Summonings
  8529 | D:7      | Found a snail-covered altar of Cheibriados.
  8535 | D:7      | Became a worshipper of Cheibriados the Contemplative
  8628 | D:7      | Reached skill level 5 in Fighting
  8628 | D:7      | Reached XP level 9. HP: 68/68 MP: 9/14
  9226 | D:7      | Found Foeshec's Antique Weapon Boutique.
  9287 | D:7      | Reached * piety under Cheibriados
 10095 | D:8      | Reached skill level 9 in Summonings
 10308 | D:8      | Found an iron altar of Okawaru.
 10641 | D:8      | Reached skill level 5 in Dodging
 10643 | D:8      | Reached ** piety under Cheibriados
 10899 | D:8      | Found a hide-covered altar of Uskayaw.
 11025 | D:9      | Reached *** piety under Cheibriados
 11041 | D:9      | Noticed a troll
 11047 | D:9      | Killed a troll
 11050 | D:9      | Reached XP level 10. HP: 76/76 MP: 14/17
 11059 | D:9      | Found Caem's Book Shop.
 11132 | D:9      | Noticed a two-headed ogre
 11140 | D:9      | Killed a two-headed ogre
 11140 | D:9      | Reached skill level 5 in Spellcasting
 11208 | D:9      | Learned a level 4 spell: Summon Ice Beast
 11327 | D:9      | Reached skill level 10 in Summonings
 11703 | D:9      | Found a staircase to the Orcish Mines.
 11906 | D:9      | Found a staircase to the Lair.
 11964 | D:10     | Entered Level 10 of the Dungeon
 11964 | D:10     | Found Gaycerph's Jewellery Emporium.
 11969 | D:10     | Got a distressingly furry leather armour
 11980 | D:10     | Identified the +1 leather armour of the Turtledove {Dex+4}
                  | (You found it on level 10 of the Dungeon)
 11990 | D:10     | Bought the ring of Kikubaaqudgha's Pride {rElec rF+ Str+3
                  | Int-5 SInv} for 413 gold pieces
 12295 | D:10     | Reached **** piety under Cheibriados
 12588 | D:10     | Noticed a two-headed ogre
 12595 | D:10     | Killed a two-headed ogre
 12952 | D:10     | Killed an unseen horror
 13081 | D:10     | Reached skill level 10 in Armour
 13148 | D:11     | Noticed a manticore
 13170 | D:11     | Killed a manticore
 13209 | D:11     | Noticed a red ugly thing
 13229 | D:11     | Killed a red ugly thing
 13229 | D:11     | Reached skill level 1 in Invocations
 13252 | D:11     | Reached ***** piety under Cheibriados
 13393 | D:11     | Reached skill level 11 in Summonings
 13402 | D:11     | Reached XP level 11. HP: 80/84 MP: 19/19
 13908 | Lair:1   | Entered Level 1 of the Lair of Beasts
 14247 | Lair:1   | Found a runed translucent gate.
 14248 | Lair:1   | Found a runed translucent gate.
 14249 | Lair:1   | Found a runed translucent gate.
 14252 | Lair:1   | Found a viscous altar of Jiyva.
 14252 | Lair:1   | Noticed MirrMurr's ghost (journeyman SpEn)
 15284 | Lair:2   | Reached ****** piety under Cheibriados
 15366 | Lair:2   | Noticed Fannar
 15378 | Lair:2   | Killed Fannar
 15527 | Lair:2   | Reached skill level 12 in Summonings
 16311 | Lair:3   | Noticed a seven-headed hydra
 16325 | Lair:3   | Killed a seven-headed hydra
 16325 | Lair:3   | Reached skill level 5 in Invocations
 16502 | Lair:3   | Found a staircase to the Swamp.
 16542 | Lair:3   | Got a heavily runed granite ring
 16544 | Lair:3   | Identified the ring "Otweck" {Fire rElec Dex+2 Stlth+} (You
                  | found it on level 3 of the Lair of Beasts)
 16566 | Lair:3   | Reached XP level 12. HP: 94/94 MP: 18/22
 17051 | Lair:4   | Found a snail-covered altar of Cheibriados.
 17179 | Lair:4   | Found a staircase to the Snake Pit.
 17185 | Lair:4   | Noticed a catoblepas
 17197 | Lair:4   | Killed a catoblepas
 18203 | Lair:5   | Noticed a six-headed hydra
 18323 | Lair:5   | Found a staircase to the Slime Pits.
 18323 | Lair:5   | Found a viscous altar of Jiyva.
 18327 | Lair:5   | Found a frozen archway.
 18338 | IceCv    | Entered an ice cave
 19269 | IceCv    | Got ancient ice dragon scales
 19280 | IceCv    | Identified the +5 ice dragon scales "Ako Cajefi" {+Blink
                  | rF- rC++ Int+3 Dex+5} (You found it in an ice cave)
 19545 | Lair:5   | Reached skill level 13 in Summonings
 19546 | Lair:5   | Killed a six-headed hydra
 19732 | Lair:5   | You fall into a shaft and drop 1 floor!
 19732 | Lair:6   | Entered Level 6 of the Lair of Beasts
 20160 | Lair:6   | Noticed a seven-headed hydra
 20166 | Lair:6   | Killed a seven-headed hydra
 20188 | Lair:6   | Gained mutation: You can hop long distances. [Barachi
                  | growth]
 20188 | Lair:6   | Reached XP level 13. HP: 103/103 MP: 21/25
 20308 | Lair:6   | Reached skill level 10 in Fighting
 20466 | Lair:6   | Reached skill level 14 in Summonings
 21428 | D:9      | Learned a level 6 spell: Shadow Creatures
 21434 | D:9      | Learned a level 5 spell: Summon Mana Viper
 21494 | Orc:1    | Entered Level 1 of the Orcish Mines
 21778 | Orc:2    | Entered Level 2 of the Orcish Mines
 21936 | Orc:2    | Found a staircase to the Elven Halls.
 22189 | Orc:2    | Found Tyfeluz's Book Boutique.
 22545 | Orc:2    | Reached skill level 15 in Summonings
 22670 | Orc:2    | Found Jeterooc's Gadget Shoppe.
 22675 | Orc:2    | Found Ykhiefa's Antique Weapon Shoppe.
 22677 | Orc:2    | Found Mekudoegh's Antique Armour Boutique.
 22686 | Orc:2    | Bought a faintly humming cloak for 342 gold pieces
 22691 | Orc:2    | Identified the +2 cloak "Esoxoemm" {rPois Dex+3} (You
                  | bought it in a shop on level 2 of the Orcish Mines)
 22903 | Orc:1    | Found Foore's Food Emporium.
 23313 | Orc:2    | Bought a runed helmet for 270 gold pieces
 23325 | Orc:2    | Bought a glowing executioner's axe for 299 gold pieces
 23544 | D:12     | Found Eru Bitt's Gadget Shoppe.
 23594 | D:12     | Reached skill level 10 in Dodging
 23603 | D:12     | Learned a level 5 spell: Aura of Abjuration
 23906 | D:12     | Got a smelly leather armour
 23917 | D:12     | Identified the +1 leather armour of Rupea {Regen+} (You
                  | found it on level 12 of the Dungeon)
 23947 | D:12     | Reached XP level 14. HP: 106/113 MP: 27/27
 24503 | D:13     | Noticed Erolcha
 24509 | D:13     | Killed Erolcha
 24779 | D:13     | You fall into a shaft and drop 2 floors!
 24779 | D:15     | Entered Level 15 of the Dungeon
 25918 | D:15     | Reached skill level 16 in Summonings
 26012 | D:15     | Cast into level 3 of the Abyss (a wizard)
 26053 | Abyss:3  | Noticed a green very ugly thing
 26109 | Abyss:3  | Noticed a starcursed mass
 26109 | Abyss:3  | Noticed a starcursed mass
 26109 | Abyss:3  | Noticed a cyan very ugly thing
 26120 | Abyss:3  | Noticed a green very ugly thing
 26120 | Abyss:3  | Noticed an Executioner
 26138 | Abyss:3  | Killed an Executioner
 26178 | Abyss:3  | Noticed a tentacled starspawn
 26187 | Abyss:3  | Noticed a tentacled starspawn
 26188 | Abyss:3  | Noticed a tentacled starspawn
 26189 | Abyss:3  | Got an abyssal rune of Zot
 26249 | Abyss:3  | Noticed a starcursed mass
 26254 | Abyss:3  | Paralysed by accursed screaming for 2 turns
 26257 | Abyss:3  | Killed from afar by a starcursed mass

Levels and vault maps discovered:
D:1:      tarquinn_simple_flora_water_d, layout_basic
D:2:      layout_rooms, evilmike_ruin_ashenzari, uniq_robin
D:3:      layout_rooms, lemuel_crystal_altar, elyvilon_altar_3, fedhas_altar_3,
          first_ration
D:4:      layout_gridville, kennysheep_mini, overflow_temple_1_default,
          nicolae_qazlal_eye_of_the_storm, kennysheep_little_box,
          minmay_fire_ice_demons, uniq_edmund, uniq_blork_the_orc, uniq_grinder,
          uniq_ijyb
D:5:      layout_basic, nicolae_dithmenos_the_darkroom,
          minmay_temple_entry_gardened_gates, small_statue_intersection,
          minmay_tree_intersection, uniq_crazy_yiuf_cottage
D:6:      layout_cave_pools, st_stairs_3, nicolae_water_bricks, abandoned_shop
D:7:      layout_layer_cave, cheibriados_altar_1, serial_shops,
          nicolae_shop_stone
D:8:      layout_basic, nicolae_overflow_hidden_temple,
          nicolae_overflow_crystal_walls, minmay_stone_trees_small,
          grunt_livestock, kennysheep_potato
D:9:      layout_small_grid, lair_entry_dummy, erik_orc_2, serial_shops,
          nicolae_shop_temple_entry_statues_fountains
D:10:     layout_roguey, serial_shops, nicolae_shop_crystal
D:11:     layout_irregular_city
D:12:     layout_loops_ring, serial_shops, shop_fountains
D:13:     layout_irregular_city, kennysheep_cross_bottleneck, uniq_erolcha
D:15:     grunt_enter_depths_magical_seal, layout_cave_pods, chequers_jeans,
          minivault_28, uniq_jorgrun
Temple:   chequers_temple_sunken
Lair:1:   beast_lair_carwin_large_1, layout_long_grid, gammafunk_ghost_ooze,
          serial_bayou_shore_b, lemuel_fruit_fields
Lair:2:   layout_regular_city, uniq_fannar
Lair:3:   layout_cave_pods, minmay_swamp_entry_eels, columned_hall_lemuel
Lair:4:   layout_loops_ring, minmay_snake_entry_guardpost_small, basic_altar
Lair:5:   layout_cave_shapes, slime_altar_1, portal_ice_cave_entry_pillars_2,
          roderic_batcave, lemuel_fruit_tree, minmay_lair_oklob_chamber
Lair:6:   evilmike_catoblepas_cave, layout_gridlike, grunt_megastairs_4
Orc:1:    layout_caves, serial_shops, shop
Orc:2:    st_orc_elflike, layout_caves
Abyss:3:  base: Lair:3, nicolae_abyss_rune_left_handed,
          hangedman_classic_abyss_death, grunt_abyss_rune_wretched_hive,
          gammafunk_abyss_rune_reverse_zot, hangedman_classic_abyss_death,
          doesnt_abyss_rune_brain_food, evilmike_abyss_rune_ettins,
          nicolae_abyss_rune_star_stuff, minivault_20, evilmike_abyss_exit_6

Skill      XL: |  1  2  3  4  5  6  7  8  9 10 11 12 13 14 |
---------------+-------------------------------------------+-----
Armour         | 1 2 3 4 5 7 8 10 | 10.9
Summonings     | 5 6 7 8 9 11 12 13 15 16 | 16.2
Fighting       | 1 2 3 5 6 7 8 9 11 | 11.7
Dodging        | 3 4 5 6 7 8 10 | 10.0
Spellcasting   | 3 4 5 6 8 9 |  9.8
Shields        | 3 4 |  4.0
Invocations    | 2 5 7 8 |  8.3
Stealth        | |  1.7

Action                   |  1- 3 |  4- 6 |  7- 9 | 10-12 | 13-15 || total
-------------------------+-------+-------+-------+-------+-------++-------
Melee: Unarmed           |    13 |       |       |       |       ||    13
       Dagger            |    68 |    92 |   407 |   386 |   343 ||  1296
       Spear             |       |       |    32 |       |       ||    32
       Staff             |       |       |       |       |    28 ||    28
 Cast: Summon Small Mamm |     6 |       |       |       |     2 ||     8
       Call Imp          |     3 |     6 |    11 |     4 |       ||    24
       Call Canine Famil |     7 |    12 |    30 |    37 |    13 ||    99
       Summon Lightning  |       |     2 |    35 |   110 |    62 ||   209
       Summon Ice Beast  |       |       |       |    15 |     4 ||    19
       Summon Mana Viper |       |       |       |       |    37 ||    37
       Shadow Creatures  |       |       |       |       |    11 ||    11
       Aura of Abjuratio |       |       |       |       |     4 ||     4
Invok: Slouch            |       |       |       |     5 |    10 ||    15
       Temporal Distorti |       |       |       |       |     3 ||     3
 Abil: Hop               |     1 |     2 |       |     3 |     4 ||    10
  Use: Potion            |     1 |       |     3 |     3 |     8 ||    15
       Scroll            |       |       |     6 |    14 |     9 ||    29
 Stab: Sleeping          |     2 |       |     2 |     1 |       ||     5
       Distracted        |     1 |       |     3 |    17 |    14 ||    35
  Eat: Chunk             |     5 |     9 |    25 |    23 |    18 ||    80
       Ration            |       |       |     2 |       |     1 ||     3
Armor: Robe              |    17 |       |       |       |       ||    17
       Leather armour    |    17 |    19 |    88 |    71 |       ||   195
       Scale mail        |     3 |       |       |    37 |       ||    40
       Ice dragon scales |       |       |       |    48 |   178 ||   226
       Ring mail         |       |       |       |     9 |       ||     9
Dodge: Dodged            |    79 |    59 |   234 |   429 |   466 ||  1267
Block: Buckler           |       |       |    80 |   202 |   203 ||   485

Table legend:
 A = Non-vault XP
 B = Vault XP
 C = Vault XP percentage of total XP
 D = Non-vault monster count
 E = Vault monster count
 F = Vault count percentage of total count
                 A         B        C        D         E       F
            +---------+---------+-------+---------+---------+-------
      Total |   42935 |   28582 |  40.0 |     505 |     165 |  24.6
            +---------+---------+-------+---------+---------+-------
        D:1 |      34 |       0 |   0.0 |      24 |       0 |   0.0
        D:2 |      40 |      19 |  32.2 |      19 |      12 |  38.7
        D:3 |      82 |       0 |   0.0 |      24 |       0 |   0.0
        D:4 |     160 |     374 |  70.0 |       4 |       6 |  60.0
        D:5 |     570 |       0 |   0.0 |      37 |       0 |   0.0
        D:6 |     599 |     197 |  24.7 |      25 |       2 |   7.4
        D:7 |     662 |       0 |   0.0 |      26 |       0 |   0.0
        D:8 |     818 |     587 |  41.8 |      23 |       8 |  25.8
        D:9 |    1183 |     484 |  29.0 |      26 |      21 |  44.7
       D:10 |    2011 |       0 |   0.0 |      27 |       0 |   0.0
       D:11 |    1719 |       0 |   0.0 |      32 |       0 |   0.0
       D:12 |    2700 |       0 |   0.0 |      20 |       0 |   0.0
       D:13 |     677 |     483 |  41.6 |      14 |       1 |   6.7
       D:15 |    5972 |    6020 |  50.2 |      36 |      13 |  26.5
     Lair:1 |    1388 |    1280 |  48.0 |      11 |      11 |  50.0
     Lair:2 |    2668 |     512 |  16.1 |      21 |       1 |   4.5
     Lair:3 |    2810 |     220 |   7.3 |      17 |       4 |  19.0
     Lair:4 |    1751 |     236 |  11.9 |      12 |       3 |  20.0
     Lair:5 |    1817 |    1371 |  43.0 |      14 |      14 |  50.0
     Lair:6 |   10311 |    9223 |  47.2 |      49 |      28 |  36.4
      Orc:1 |    1351 |       0 |   0.0 |      20 |       0 |   0.0
      Orc:2 |    1640 |    4696 |  74.1 |      23 |      25 |  52.1
    Abyss:3 |    1972 |    1161 |  37.1 |       1 |       5 |  83.3
      IceCv |       0 |    1719 | 100.0 |       0 |      11 | 100.0
            +---------+---------+-------+---------+---------+-------
